 Dungeon Crawl Stone Soup version 0.29.1-15-g9cfb28693d (webtiles) character file.

Game seed: 1162317354379531932

63 Gladio the Trooper (level 3, 0/43 HPs)
             Began as a Demonspawn Abyssal Knight on Oct 30, 2023.
             Was a Priest of Lugonu.
             Succumbed to an orc's poison
             ... on level 3 of the Dungeon.
             The game lasted 00:03:10 (1617 turns).

Gladio the Trooper (Demonspawn Abyssal Knight)      Turns: 1617, Time: 00:03:10

Health: 0/43       AC: 21    Str: 15    XL:     3   Next: 87%
Magic:  5/5        EV:  2    Int: 11    God:    Lugonu [***...]
Gold:   127        SH:  0    Dex: 13    Spells: 2/2 levels left

rFire   . . .      SeeInvis .   f - +3 dagger (freeze)
rCold   . . .      Faith    .   (no shield)
rNeg    . . .      Spirit   .   (body armour currently unavailable)
rPois   +          Reflect  .   (helmet currently unavailable)
rElec   .          Harm     .   (cloak currently unavailable)
rCorr   .          Rampage  .   (gloves currently unavailable)
Will    .....      NoTele   +   (boots currently unavailable)
Stlth   +.........              (no amulet)
HPRegen 0.14/turn               (no ring)
MPRegen 0.18/turn               (no ring)

@: lethally poisoned (0 -> -2), tree-form, invisible
A: stationary, stasis, torment immunity, boosted hp, (hooves 1), magic
regeneration
a: Renounce Religion, Depart the Abyss, Bend Space, Banish


You were on level 3 of the Dungeon.
You worshipped Lugonu.
Lugonu was most pleased with you.
You were a tree.
You visited 1 branch of the dungeon, and saw 3 of its levels.
You visited the Abyss 1 time.

You collected 127 gold pieces.

Inventory:

Hand Weapons
 a - a +1 short sword
 f - a +3 dagger of freezing (weapon)
Armour
 b - a +0 leather armour
 e - a +0 chain mail (melded)
Scrolls
 c - 2 scrolls of poison {unknown}
 h - a scroll of summoning {unknown}
 i - 3 scrolls of immolation {unknown}
 j - a scroll of noise {unknown}
 k - a scroll of teleportation {unknown}
Potions
 d - a potion of invisibility


   Skills:
 + Level 3.5 Fighting
 * Level 3.0 Short Blades
 - Level 1.7 Armour
 - Level 0.8 Dodging
 + Level 3.3 Invocations


You had 2 spell levels left.
You didn't know any spells.
Your spell library was empty.

Dungeon Overview and Level Annotations

Branches:
Dungeon (3/15)

Altars:


Innate Abilities, Weirdness & Mutations

You are a tree.
Your roots penetrate the ground, keeping you stationary.
You cannot be teleported.
You are immune to unholy pain and torment.
Your maximum health is greatly increased.
Your equipment is partially melded.
((You have large cloven feet.))
You regenerate magic rapidly.


Message History

You hit the orc. You freeze the orc.
The orc is severely wounded.
You feel sick.
You completely miss the orc.
The orc is severely wounded.
You feel sick. The endoplasm barely misses you.
The orc hits you with a +0 club.
* * * LOW HITPOINT WARNING * * *
Unknown command.
You hit the orc. You freeze the orc.
You kill the orc!
Lugonu accepts your kill.
* * * LOW HITPOINT WARNING * * *
You feel sick. The endoplasm barely misses you.
Unknown command.
It was a potion of flight.
You feel very buoyant.
You fly up into the air.
* * * LOW HITPOINT WARNING * * *
You feel sick. The endoplasm freezes you.
* * * LOW HITPOINT WARNING * * *
A gnoll opens the door.
It was a potion of lignification.
You turn into a tree.
Your +0 chain mail melds into your body.
Your roots penetrate the ground.
* * * LOW HITPOINT WARNING * * *
You feel sick.
The endoplasm hits you but does no damage.
The orc wizard hits you but does no damage.
The gnoll shouts!
You hit the orc wizard but do no damage.
* * * LOW HITPOINT WARNING * * *
You feel sick.
You hear a shout!
The endoplasm hits you but does no damage.
The orc wizard gestures at you while chanting.
The puff of flame hits you but does no damage.
You hit the orc wizard but do no damage.
You die...

#......#..#
##+########......#..#
#................#..#
#.....####.......#...
####.....'..............
+........##.#.#....##.#.
#######'###.#)##......#.
#.# #.#.##.######. #♣#
#.#.##.. #.
#..Jo)##.#.##### #.
#.....+..#.# #####+#.
#.....####.. ........
#.....# #######.....
'.....+ .........
g#.....# ###....#
..####### #..... #.....


You could see an orc wizard (unable to see you), a gnoll (wandering, unable to
see you) and an endoplasm.

Vanquished Creatures
  2 gnolls (D:2)
  A dart slug (D:1)
  3 orcs (D:3)
  An endoplasm (D:2)
  2 giant cockroaches
  6 goblins
  3 hobgoblins
  4 ball pythons
  7 bats
  3 frilled lizards
  A kobold (D:2)
  3 rats
36 creatures vanquished.

Vanquished Creatures (others)
  A ball python (D:3)
1 creature vanquished.

Grand Total: 37 creatures vanquished

Notes
Turn   | Place    | Note
-------+----------+-------------------------------------------
     0 | Abyss:1  | Gladio the Demonspawn Abyssal Knight began the quest for
                  | the Orb.
     0 | Abyss:1  | Reached XP level 1. HP: 18/18 MP: 2/2
     1 | D:1      | Escaped the Abyss
   424 | D:1      | Gained mutation: You regenerate magic rapidly. [demonic
                  | ancestry]
   424 | D:1      | Reached XP level 2. HP: 24/24 MP: 4/4
  1133 | D:2      | Gained mutation: You have large cloven feet. [demonic
                  | ancestry]
  1133 | D:2      | Reached XP level 3. HP: 24/29 MP: 5/5
  1225 | D:2      | Reached *** piety under Lugonu
  1409 | D:2      | Found a faded altar of an unknown god.
  1615 | D:3      | HP: 2/43 [poisoned by an orc]
  1617 | D:3      | Succumbed to an orc's poison

Illustrated notes

Levels and vault maps discovered:
D:1:      dpeg_chamrin_arrival_tetris, layout_basic, serial_bayou_pond_e
D:2:      layout_basic, ebering_ecumenical_altar_mist
D:3:      layout_basic, old_standard_altar, serial_shops, nicolae_square_shop,
          minmay_shallow_snake_nest

Skill      XL: |  1  2  3 |
---------------+----------+-----
Short Blades   | 2 3 |  3.0
Invocations    | 3 |  3.3
Fighting       | |  3.5
Armour         | |  1.7
Dodging        | |  0.8

Action                   || total
-------------------------++-------
Melee: Short sword       ||     8
       Dagger            ||    72
       Kick              ||     8
  Use: Potion            ||     3
Armor: Leather armour    ||     2
       Chain mail        ||    40
       Skin              ||     4
Dodge: Dodged            ||    27
